 Dungeon Crawl Stone Soup version 0.18-a0-1694-g9f731c2 (webtiles) character file.

148596 Maz the Warrior (level 16, -6/136 HPs)
             Began as a Demonspawn Gladiator on Apr 5, 2016.
             Was the Champion of Okawaru.
             Mangled by an ettin
             ... wielding a +0 dire flail
              (35 damage)
             ... on level 1 of the Depths on Apr 6, 2016.
             The game lasted 02:29:31 (31438 turns).

Maz the Warrior (Demonspawn Gladiator)             Turns: 31438, Time: 02:29:31

Health: -6/136     AC: 20    Str: 20    XL:     16   Next: 94%
Magic:  31/31      EV: 18    Int: 10    God:    Okawaru [******]
Gold:   1869       SH: 12    Dex: 22    Spells: 1 memorised, 7 levels left

rFire  + . .     SeeInvis +     Q - +6 morningstar of Icagyul {freeze, +Blink MP+9}
rCold  . . .     Gourm    .     N - +4 chain mail {rPois}
rNeg   . . .     Faith    .     i - +0 shield
rPois  +         Spirit   .     C - +2 hat
rElec  .         Dismiss  .     I - +1 cloak {MR+}
rCorr  .         Reflect  .     (no gloves)
SustAt .         Harm     .     (no boots)
MR     +++..                    (no amulet)
Stlth  ..........               (no ring)
                                Y - +4 ring of dexterity

@: extremely resistant to hostile enchantments, extremely unstealthy
A: antennae 2, repulsion field 2, see invisible, agile 1, demonic guardian 1,
fire resistance 1, ignite blood, magic resistance 1, flame cloud immunity
a: Heroism, Finesse, Renounce Religion, Evoke Blink


You were on level 1 of the Depths.
You worshipped Okawaru.
Okawaru was exalted by your worship.
You were not hungry.

You visited 5 branches of the dungeon, and saw 29 of its levels.

You collected 2606 gold pieces.
You spent 737 gold pieces at shops.

Inventory:

Hand Weapons
 Q - the +6 morningstar of Icagyul (weapon) {freeze, +Blink MP+9}
   (You found it on level 6 of the Dungeon)

   It has been specially enchanted to freeze those struck by it, causing extra
   injury to most foes and up to half again as much damage against particularly
   susceptible opponents.
   It can also slow down cold-blooded creatures.
   It affects your magic capacity (+9).
   It lets you blink.
 R - the +9 broad axe of Linearity {chop, +Inv rN+ Int+2 Dex+3}
   (You found it on level 7 of the Lair of Beasts)

   It inflicts extra damage upon your enemies.
   It affects your intelligence (+2).
   It affects your dexterity (+3).
   It protects you from negative energy.
   It lets you turn invisible.
Missiles
 o - 2 throwing nets
 G - 6 silver javelins (quivered)
 S - 4 javelins
Armour
 i - a +0 shield (worn)
 C - a +2 hat (worn)
 I - a +1 cloak of magic resistance (worn)
 N - a +4 chain mail of poison resistance (worn)
Jewellery
 E - a +4 amulet of reflection
 K - a +4 ring of dexterity
 O - an uncursed ring of positive energy
 W - an uncursed ring of flight
 Y - a +4 ring of dexterity (left hand)
Wands
 s - a wand of iceblast (6/15)
 w - a wand of slowing (28/48)
 y - a wand of acid (6/15)
 A - a wand of digging (3/24)
 H - a wand of lightning (0/15)
 U - a wand of iceblast (4/15)
 X - a wand of teleportation (1/9)
Scrolls
 d - a scroll of enchant armour
 p - 13 scrolls of remove curse
 r - 8 scrolls of identify
 v - 3 scrolls of blinking
 x - 2 scrolls of recharging
 B - a scroll of enchant weapon
 J - a scroll of fear
 L - 4 scrolls of teleportation
 P - 4 scrolls of amnesia
 V - a scroll of silence
 Z - 5 scrolls of immolation
Potions
 a - a potion of heal wounds
 b - a potion of ambrosia
 c - 4 potions of invisibility
 e - 5 potions of curing
 g - 9 potions of brilliance
 j - 2 potions of berserk rage
 k - 4 potions of might
 l - 4 potions of agility
 m - 2 potions of degeneration
 q - 2 potions of flight
 t - 3 potions of cancellation
 D - 2 potions of cure mutation
 F - a potion of haste
Comestibles
 f - 5 bread rations
 h - 4 beef jerkies
 n - 6 slices of pizza
 u - 10 meat rations
 z - 17 fruits
 T - 2 royal jellies


   Skills:
 + Level 15.1 Fighting
   Level 2.6 Long Blades
 + Level 9.7(13.0) Axes
 - Level 14.0(15.0) Maces & Flails
 - Level 1.7 Throwing
 - Level 10.2 Armour
 + Level 11.9 Dodging
 - Level 8.0 Shields
 - Level 9.0 Invocations
 - Level 0.2 Evocations


You had 7 spell levels left.
You knew the following spells:

 Your Spells              Type           Power        Failure   Level  Hunger
a - Summon Horrible Thin  Summ           #.........   100%        8    #######


Dungeon Overview and Level Annotations

Branches:
Dungeon (15/15)            Temple (0/1) D:4            Lair (8/8) D:11
  Swamp (3/4) Lair:4       Spider (0/4) Lair:6        Slime (0/6) Lair:8
    Orc (2/2) D:9             Elf (0/3) Orc:2        Vaults (0/5) D:13
 Depths (1/5) D:15

Altars:
Dithmenos
Elyvilon
Fedhas
Kikubaaqudgha
Makhleb
Nemelex Xobeh
Okawaru
Vehumet
Xom
Zin
Beogh
Jiyva
Lugonu

Shops:
D:4 [=[   D:7 !   D:11 :   D:13 !   D:14 =   Orc:2 *(?:

Portals:
Pandemonium: Orc:2

Annotations:
D:15 Nessos
Lair:6 exclusion: oklob plant


Innate Abilities, Weirdness & Mutations

You have a pair of antennae on your head.
You are surrounded by a moderate repulsion field (EV +3).
A weak demonic guardian rushes to your aid.
Your flesh is heat resistant.
Your demonic aura causes spilled blood to erupt in flames.
You are immune to clouds of flame.
You have supernaturally acute eyesight.
You are agile. (Dex +2)
You are resistant to hostile enchantments.


Message History

The fire dragon is engulfed in roaring flames.
The fire dragon bites you but does no damage.
The fire dragon claws you but does no damage.
The fire dragon tramples you but does no damage.
You hit the fire dragon. You freeze the fire dragon.
You kill the fire dragon!
Okawaru accepts your kill. The ettin misses you. x2
Your chain mail prevents you from hitting the ettin.
You puncture the ettin! You freeze the ettin.
The ettin is moderately wounded.
The ettin is engulfed in roaring flames.
You block the ettin's attack. The ettin hits you with a dire flail!!
* * * LOW HITPOINT WARNING * * *
You hit the ettin but do no damage.
The ettin is moderately wounded.
Your white imp hits the ettin but does no damage.
The ettin is engulfed in roaring flames.
The ettin hits you with a dire flail!!
You die...

+..## #....#..
########.## ###'####
.......#.# #..#...
.........#{ #..#...
.........# #####)#
.........# #......
###+###..## ##......
#.§§######..#......#
#.C@.§.....##......#
.....#.5†#######........
.....#.>§§.....#........
....##..§.###########.#.
.... ###### #... ....
##.. ###. #.## #..#


You could see an ettin and a friendly white imp.

Vanquished Creatures
  Nikola (Swamp:1)
  Rupert (Lair:5)
  A thorn hunter (Swamp:2)
  Gastronok (D:9)
  Frances (D:12)
  Kirke (Lair:8)
  An orc warlord (Orc:2)
  Maud (D:11)
  A very ugly thing (Swamp:3)
  2 stone giants (Depths:1)
  Azrael (D:15)
  Snorg (Lair:8)
  A vault guard (D:13)
  2 ettins (Depths:1)
  3 fire dragons
  Fannar (D:12)
  Josephine (Lair:8)
  Harold (Orc:1)
  A great orb of eyes (Depths:1)
  A yaktaur captain (D:15)
  12 hydras
  A ghost crab (Swamp:1)
  A centaur warrior (D:15)
  2 catoblepae
  4 alligators
  A queen ant (Lair:2)
  The ghost of seba5609 the Blocker, a novice FoFi of Yredelemnul (D:9)
  5 death yaks (Lair:6)
  A tengu warrior (D:15)
  A vampire mage (Depths:1)
  Urug (D:15)
  A shock serpent (shapeshifter) (Depths:1)
  7 orc high priests (Orc:2)
  The ghost of Bolverk the Archer, a novice CeHu of Okawaru (D:8)
  An infernal demonspawn (Orc:2)
  3 skeletal warriors (D:15)
  A gelid demonspawn (Orc:2)
  A swamp dragon (Swamp:1)
  A torturous demonspawn (Orc:2)
  An unseen horror (D:13)
  2 shambling mangroves
  A spriggan druid (Swamp:3)
  3 hill giants
  7 orc knights
  Pikel (D:9)
  An oklob plant (Lair:6)
  A wolf spider (Lair:8)
  4 orc sorcerers (Orc:2)
  2 cyclopes
  An ugly thing (D:12)
  2 hornets
  3 griffons
  A guardian serpent (Lair:8)
  A black mamba (shapeshifter) (D:15)
  9 black mambas
  A centaur zombie (D:15)
  35 elephants
  A smoke demon (Orc:2)
  A torpor snail (Lair:4)
  3 centaur skeletons
  16 spiny frogs
  An orange demon (Orc:2)
  A spiny frog (shapeshifter) (D:12)
  3 rime drakes
  A gargoyle (D:14)
  5 komodo dragons
  A freezing wraith (D:15)
  3 kobold demonologists
  6 red devils
  2 tengu conjurers (D:15)
  9 giant leeches
  2 trolls (Orc:2)
  A two-headed ogre (D:12)
  28 blink frogs
  2 bog bodies
  A boulder beetle (Lair:7)
  Prince Ribbit (Lair:2)
  18 slime creatures
  A tarantella (Lair:6)
  A redback (Lair:8)
  5 shadows
  9 wyverns
  3 wraiths (Lair:8)
  3 spriggans
  5 basilisks
  3 fire elementals (D:15)
  5 hogs (Lair:8)
  21 yaks
  3 hungry ghosts
  12 hippogriffs
  2 steam dragons (D:9)
  A neqoxec (Orc:2)
  2 wargs (Orc:2)
  5 vampire mosquitoes
  19 soldier ants
  25 water moccasins
  7 swamp worms
  18 insubstantial wisps
  4 hell hounds (D:15)
  18 porcupines
  7 wasps
  3 sky beasts
  4 swamp drakes
  4 slaves (D:9)
  5 ice beasts
  36 orc warriors
  2 black bears
  10 ogres
  2 necrophages
  5 phantoms
  14 centaurs
  8 wolves
  A boggart (Depths:1)
  14 crocodiles
  A gnoll sergeant (D:9)
  5 big kobolds
  2 wyvern zombies
  19 giant frogs
  A water moccasin skeleton (D:6)
  3 scorpions
  3 killer bees (D:10)
  12 wights
  2 howler monkeys
  3 electric eels
  5 crimson imps
  A wasp zombie (D:9)
  31 orc priests
  4 hounds
  A giant frog zombie (D:12)
  4 giant frog skeletons
  5 jellies
  12 iguanas
  16 orc wizards
  44 worker ants
  30 sheep
  A hound skeleton (D:10)
  A worker ant zombie (D:8)
  10 gnolls
  23 adders
  52 river rats
  2 shadow imps
  2 oozes
  3 adder zombies
  3 adder skeletons
  2 worms
  5 dart slugs
  4 giant geckos
  98 orcs
  2 ball pythons (D:2)
  4 giant cockroaches
  6 goblins
  14 hobgoblins
  12 jackals
  11 kobolds
  4 quokkas
  8 bats
  2 giant newts
  2 quokka skeletons
  13 rats
  4 briar patches (Swamp:2)
  2 bushes (Lair:6)
  11 fungi
  20 plants
1064 creatures vanquished.

Vanquished Creatures (collateral kills)
  Erolcha (D:10)
  2 hydras
  An alligator (Swamp:1)
  An ugly thing (D:11)
  A black mamba (Lair:7)
  5 elephants
  A spiny frog (Lair:2)
  A centaur skeleton (D:11)
  A komodo dragon (Lair:2)
  A slime creature (Swamp:2)
  2 blink frogs
  A yak (Lair:4)
  2 hippogriffs
  A vampire mosquito (Swamp:1)
  An orc warrior (Orc:1)
  2 wasps
  A centaur (D:6)
  A wolf (Lair:6)
  A giant frog (Lair:7)
  A gnoll shaman (D:4)
  2 orc wizards
  A gnoll (D:4)
  An adder zombie (D:6)
  5 orcs
  A quokka (D:5)
  A fungus (Lair:5)
39 creatures vanquished.

Vanquished Creatures (others)
  A centaur warrior (D:14)
  Sonja (Orc:2)
  An orc priest (Orc:1)
  A worker ant (Lair:8)
  An orc (D:14)
  5 briar patches (Swamp:2)
  56 fungi
  13 plants
79 creatures vanquished.

Grand Total: 1182 creatures vanquished

Notes
Turn   | Place    | Note
--------------------------------------------------------------
     0 | D:1      | Maz the Demonspawn Gladiator began the quest for the Orb.
     0 | D:1      | Reached XP level 1. HP: 16/16 MP: 1/1
   329 | D:1      | Gained mutation: You are surrounded by a mild repulsion field (EV +2). [demonic ancestry]
   329 | D:1      | Reached XP level 2. HP: 22/23 MP: 2/2
   430 | D:1      | Reached skill level 3 in Fighting
   630 | D:2      | Gained mutation: Your flesh is heat resistant. [demonic ancestry]
   630 | D:2      | Reached XP level 3. HP: 17/29 MP: 3/3
   805 | D:2      | Reached skill level 1 in Shields
  1088 | D:2      | Found an iron altar of Okawaru.
  1098 | D:2      | Gained mutation: You have a pair of small antennae on your head. [demonic ancestry]
  1098 | D:2      | Reached XP level 4. HP: 36/36 MP: 4/4
  1125 | D:2      | Became a worshipper of Warmaster Okawaru
  1525 | D:3      | Reached skill level 4 in Fighting
  1548 | D:3      | Reached XP level 5. HP: 32/42 MP: 5/5
  1799 | D:3      | Found a sparkling altar of Nemelex Xobeh.
  1945 | D:4      | Found Loackoeth's Jewellery Boutique.
  1968 | D:4      | Noticed an ogre
  1981 | D:4      | Killed an ogre
  1981 | D:4      | Reached * piety under Okawaru
  2016 | D:4      | Gained mutation: You are immune to clouds of flame. [demonic ancestry]
  2016 | D:4      | Reached XP level 6. HP: 29/49 MP: 6/6
  2222 | D:4      | Got an ominously black robe
  2223 | D:4      | Identified the +1 robe "Pejua" {rCorr} (You found it on level 4 of the Dungeon)
  2303 | D:4      | Reached skill level 5 in Fighting
  2513 | D:5      | Entered Level 5 of the Dungeon
  2560 | D:4      | Gained mutation: A weak demonic guardian rushes to your aid. [demonic ancestry]
  2560 | D:4      | Reached XP level 7. HP: 22/56 MP: 7/7
  2583 | D:4      | Reached skill level 5 in Shields
  2663 | D:4      | Reached ** piety under Okawaru
  3455 | D:4      | Found Xaomn's Armour Shop.
  3501 | D:4      | Found Ilyeteam's Antique Armour Boutique.
  3504 | D:4      | Bought an embroidered cloak for 144 gold pieces
  3522 | D:4      | Found a staircase to the Ecumenical Temple.
  3764 | D:5      | Reached skill level 6 in Fighting
  3877 | D:5      | Reached XP level 8. HP: 40/64 MP: 8/8
  4466 | D:6      | Reached *** piety under Okawaru
  4553 | D:6      | Got a fine morningstar
  4554 | D:6      | Identified the +6 morningstar of Icagyul {freeze, +Blink MP+9} (You found it on level 6 of the Dungeon)
  4641 | D:6      | Found a glowing silver altar of Zin.
  4641 | D:6      | Found a burning altar of Makhleb.
  4642 | D:6      | Noticed a green death
  4642 | D:6      | Noticed an angel
  4753 | D:6      | Reached skill level 7 in Fighting
  4753 | D:6      | Reached skill level 1 in Maces & Flails
  5410 | D:7      | Reached XP level 9. HP: 63/71 MP: 9/9
  5425 | D:7      | Found Bonexuocw's Distillery.
  5433 | D:7      | Bought a potion of heal wounds for 70 gold pieces
  5433 | D:7      | Bought a potion of curing for 42 gold pieces
  5629 | D:8      | Noticed Bolverk's ghost (novice CeHu)
  5638 | D:8      | Killed Bolverk's ghost
  5638 | D:8      | Reached **** piety under Okawaru
  5801 | D:8      | Found an ancient bone altar of Kikubaaqudgha.
  5874 | D:8      | Reached skill level 5 in Maces & Flails
  6062 | D:8      | Reached skill level 8 in Fighting
  6357 | D:8      | Noticed a two-headed hydra
  6366 | D:8      | Killed a two-headed hydra
  6366 | D:8      | Gained mutation: You have a pair of antennae on your head. [demonic ancestry]
  6366 | D:8      | Reached XP level 10. HP: 36/82 MP: 10/10
  6715 | D:9      | Noticed Gastronok
  7029 | D:9      | Killed Gastronok
  7029 | D:9      | Reached ***** piety under Okawaru
  7029 | D:9      | Reached skill level 9 in Fighting
  7120 | D:9      | Noticed seba5609's ghost (novice FoFi)
  7135 | D:9      | Killed seba5609's ghost
  7135 | D:9      | Reached skill level 10 in Maces & Flails
  7154 | D:9      | Noticed Pikel
  7164 | D:9      | Killed Pikel
  7164 | D:9      | Received a gift from Okawaru
  7164 | D:9      | Reached skill level 1 in Armour
  7164 | D:9      | Gained mutation: Your demonic aura causes spilled blood to erupt in flames. [demonic ancestry]
  7164 | D:9      | Reached XP level 11. HP: 80/89 MP: 12/12
  7181 | D:9      | Found a staircase to the Orcish Mines.
  7321 | D:9      | Found a radiant altar of Vehumet.
  7323 | D:9      | Found an iron altar of Okawaru.
  7329 | D:9      | Found a shadowy altar of Dithmenos.
  7335 | D:9      | Found a white marble altar of Elyvilon.
  7382 | D:9      | Found a radiant altar of Vehumet.
  8052 | D:10     | Entered Level 10 of the Dungeon
  8646 | D:10     | Noticed a hill giant
  8652 | D:10     | Killed a hill giant
  8697 | D:10     | Noticed Erolcha
  8710 | D:10     | Killed Erolcha
  8710 | D:10     | Received a gift from Okawaru
  8710 | D:10     | Reached skill level 5 in Invocations
  9097 | D:11     | Noticed a hill giant
  9103 | D:11     | Killed a hill giant
  9103 | D:11     | Received a gift from Okawaru
  9109 | D:11     | Reached skill level 5 in Dodging
  9329 | D:11     | Noticed a soul eater
  9538 | D:11     | Found Odghodeb's Book Emporium.
  9761 | D:11     | Reached skill level 5 in Armour
  9799 | D:11     | Found a staircase to the Lair.
  9846 | D:11     | Noticed Maud
  9873 | D:11     | Killed Maud
 10076 | D:11     | Noticed a cyan ugly thing
 10089 | D:11     | Killed a cyan ugly thing
 10280 | Lair:1   | Entered Level 1 of the Lair of Beasts
 10347 | Lair:1   | Reached XP level 12. HP: 96/96 MP: 17/17
 11001 | Lair:1   | Noticed a five-headed hydra
 11007 | Lair:1   | Killed a five-headed hydra
 11189 | Lair:2   | Noticed Prince Ribbit
 11196 | Lair:2   | Killed Prince Ribbit
 11278 | Lair:2   | Noticed a queen ant
 11293 | Lair:2   | Killed a queen ant
 11593 | Lair:2   | Received a gift from Okawaru
 11596 | Lair:2   | Got a faintly humming crystal plate armour {god gift}
 11597 | Lair:2   | Identified the +0 crystal plate armour of Okawaru's Outrage {rC+ rCorr Stlth-} (Okawaru gifted it to you on level 2 of the Lair of Beasts)
 12723 | Lair:2   | Learned a level 8 spell: Summon Horrible Things
 12904 | Lair:3   | Gained mutation: You are surrounded by a moderate repulsion field (EV +3). [demonic ancestry]
 12904 | Lair:3   | Reached XP level 13. HP: 85/101 MP: 19/19
 13587 | Lair:4   | Reached ****** piety under Okawaru
 13879 | Lair:4   | Found a staircase to the Swamp.
 14527 | Lair:5   | Received a gift from Okawaru
 14592 | Lair:5   | Noticed Rupert
 14611 | Lair:5   | Killed Rupert
 14686 | Lair:5   | Received a gift from Okawaru
 15339 | Lair:5   | Reached XP level 14. HP: 46/108 MP: 20/20
 15823 | Lair:6   | Found a hole to the Spider Nest.
 16135 | Lair:6   | Reached skill level 10 in Armour
 16438 | Lair:6   | Received a gift from Okawaru
 16991 | Lair:6   | Found a blossoming altar of Fedhas.
 17379 | Lair:7   | Got a polished broad axe
 17380 | Lair:7   | Identified the +9 broad axe of Linearity {chop, +Inv rN+ Int+2 Dex+3} (You found it on level 7 of the Lair of Beasts)
 17575 | Lair:7   | Reached skill level 1 in Axes
 17765 | Lair:7   | Reached skill level 10 in Fighting
 18257 | Lair:8   | Entered Level 8 of the Lair of Beasts
 18301 | Lair:8   | Got a smoking ring mail
 18381 | Lair:8   | Received a gift from Okawaru
 18632 | Lair:8   | Noticed Snorg
 18640 | Lair:8   | Noticed Josephine
 18664 | Lair:8   | Killed Snorg
 18672 | Lair:8   | Killed Josephine
 18684 | Lair:8   | Reached skill level 5 in Axes
 18860 | Lair:8   | Noticed Kirke
 18870 | Lair:8   | Killed Kirke
 18870 | Lair:8   | Reached XP level 15. HP: 116/117 MP: 21/21
 18897 | Lair:8   | Found a staircase to the Slime Pits.
 18898 | Lair:8   | Found a viscous altar of Jiyva.
 19658 | Orc:1    | Entered Level 1 of the Orcish Mines
 19737 | Orc:1    | Noticed Harold
 19771 | Orc:1    | Killed Harold
 20040 | Orc:2    | Entered Level 2 of the Orcish Mines
 20064 | Orc:2    | Reached skill level 11 in Fighting
 20073 | Orc:2    | Found Ikistum's General Store.
 20075 | Orc:2    | Found Ijotio's Magic Scroll Emporium.
 20131 | Orc:2    | Reached skill level 10 in Dodging
 20557 | Orc:2    | Bought a scroll of identify for 32 gold pieces
 20559 | Orc:2    | Bought a scroll of identify for 28 gold pieces
 20559 | Orc:2    | Bought a scroll of identify for 28 gold pieces
 20563 | Orc:2    | Gained mutation: You are somewhat resistant to further mutation. [potion of mutation]
 20798 | Orc:2    | Found a roughly hewn altar of Beogh.
 20866 | Orc:2    | Noticed Sonja
 20868 | Orc:2    | Noticed an orc warlord
 20889 | Orc:2    | Killed Sonja
 20892 | Orc:2    | Killed an orc warlord
 21112 | Orc:2    | Found a staircase to the Elven Halls.
 21352 | Orc:2    | Received a gift from Okawaru
 21680 | Orc:2    | Paralysed by an orc sorcerer for 3 turns
 21837 | Orc:2    | Found Rofanwag's Book Shop.
 21837 | Orc:2    | Found Hefaag's Antique Weapon Boutique.
 21837 | Orc:2    | Found a one-way gate leading to the halls of Pandemonium.
 21844 | Orc:2    | Bought a jewelled trident for 263 gold pieces
 21844 | Orc:2    | Identified the +8 trident of Shrieking Terror {antimagic, rPois Dex+6 Stlth-} (You bought it in a shop on level 2 of the Orcish Mines)
 22367 | Swamp:1  | Entered Level 1 of the Swamp
 22371 | Swamp:1  | Noticed Nikola
 22394 | Swamp:1  | Killed Nikola
 22415 | Swamp:1  | Reached skill level 12 in Fighting
 22715 | Swamp:1  | Received a gift from Okawaru
 23473 | Swamp:1  | Gained mutation: Armour fits poorly on your strangely shaped body. [potion of mutation]
 23473 | Swamp:1  | Gained mutation: You regenerate slowly when monsters are visible. [potion of mutation]
 23474 | Swamp:1  | Lost mutation: Armour fits poorly on your strangely shaped body. [potion of cure mutation]
 23474 | Swamp:1  | Lost mutation: You regenerate slowly when monsters are visible. [potion of cure mutation]
 23474 | Swamp:1  | Lost mutation: You are somewhat resistant to further mutation. [potion of cure mutation]
 23475 | Swamp:1  | Gained mutation: Scrolls take you a little longer to read. [potion of mutation]
 23475 | Swamp:1  | Gained mutation: Your body sometimes deteriorates upon taking damage. [potion of mutation]
 23475 | Swamp:1  | Gained mutation: Your magical capacity is low (-10% MP). [potion of mutation]
 23476 | Swamp:1  | Lost mutation: Your body sometimes deteriorates upon taking damage. [potion of cure mutation]
 23476 | Swamp:1  | Lost mutation: Scrolls take you a little longer to read. [potion of cure mutation]
 23476 | Swamp:1  | Lost mutation: Your magical capacity is low (-10% MP). [potion of cure mutation]
 24034 | Lair:2   | Gained mutation: You are resistant to hostile enchantments. [potion of beneficial mutation]
 24035 | Lair:2   | Gained mutation: You have supernaturally acute eyesight. [potion of beneficial mutation]
 24036 | Lair:2   | Gained mutation: You are agile. (Dex +2) [potion of beneficial mutation]
 24115 | Swamp:2  | Noticed a thorn hunter
 24438 | Swamp:2  | Reached XP level 16. HP: 125/129 MP: 22/22
 24600 | Swamp:2  | Killed a thorn hunter
 25492 | Swamp:3  | Received a gift from Okawaru
 25499 | Swamp:3  | Reached skill level 13 in Fighting
 26380 | Swamp:3  | Noticed Mara
 26381 | Swamp:3  | Noticed Maz's illusion
 26864 | D:12     | Noticed Fannar
 26870 | D:12     | Killed Fannar
 26928 | D:12     | Found a shimmering altar of Xom.
 27189 | D:12     | Noticed Frances
 27198 | D:12     | Killed Frances
 27634 | D:13     | Found Laer's Distillery.
 27642 | D:13     | Bought 2 potions of heal wounds for 130 gold pieces
 27930 | D:13     | Found a gate to the Vaults.
 27969 | D:13     | Found a corrupted altar of Lugonu.
 28644 | D:14     | Received a gift from Okawaru
 28661 | D:14     | Reached skill level 14 in Fighting
 28705 | D:14     | Found Vuddaiq's Jewellery Shop.
 28971 | D:15     | Entered Level 15 of the Dungeon
 29215 | D:15     | Noticed Azrael
 29228 | D:15     | Killed Azrael
 29497 | D:15     | Noticed Urug
 29514 | D:15     | Killed Urug
 29859 | D:15     | Noticed Nessos
 29926 | D:15     | Found a staircase to the Depths.
 29929 | D:15     | HP: 4/134 [yaktaur captain (15)]
 30348 | Depths:1 | Entered Level 1 of the Depths
 31056 | Depths:1 | Reached skill level 15 in Fighting
 31438 | Depths:1 | Mangled by an ettin

Vault maps used:
D:1:      mrwooster_arrival_statue_3
D:2:      st_stairs_11, okawaru_ov_weapons_minmay
D:3:      minmay_door_path, first_bread, nemelex_spade_bored_becter
D:4:      corexii_shantytown, minmay_temple_entry_poolview, serial_shops,
          nicolae_shop_competitors_out_of_business, shop,
          nicolae_shop_behind_doors
D:5:      nrook_loot_triangle
D:6:      grunt_temple_overflow_order_and_chaos_2
D:7:      serial_shops, nicolae_shop_crystal
D:8:      kiku_gazebo_pond_becter, hangedman_ranch
D:9:      kennysheep_steamy, minitemple, basic_altar, uniq_pikel, uniq_gastronok
D:10:     uniq_erolcha
D:11:     lair_0_dummy, serial_shops, shop, uniq_maud
D:12:     minmay_misc_feat_cross, xom_teletrap_fun, uniq_fannar, uniq_frances
D:13:     david_vaults_5, serial_shops, nicolae_shop_trees, tgw_lugonu_bribe
D:14:     serial_shops, nicolae_shop_waterfront,
          einodemon_armed_red_devil_minivault
D:15:     grunt_enter_depths_snipers, uniq_azrael, uniq_urug, uniq_nessos
Lair:1:   grunt_megastairs_2, bh_autumn_forest_stairs, lemuel_fruit_fields,
          lemuel_fruit_fields, serial_bayou_shore_a
Lair:2:   zaba_anthell, uniq_prince_ribbit2
Lair:3:   pond, infiniplex_staircase_pool
Lair:4:   boulder_quad_collide, minmay_swamp_entry_wisps
Lair:5:   mu_elephants_graveyard, infiniplex_staircase_pool_2, uniq_rupert
Lair:6:   spider_nest_entry_rubble, tgw_fedhas, serial_bayou_shore_b
Lair:7:   grunt_megastairs_5, lemuel_fruit_tree
Lair:8:   hangedman_lair_tendril_chambers, slime_altar_1, st_stairs_7,
          grunt_forest_small_clearing_treed, uniq_kirke, uniq_snorg,
          uniq_josephine
Swamp:1:  evilmike_swamp_ruin_house_1, uniq_nikola
Swamp:2:  nicolae_swamp_round_clearing
Swamp:3:  nicolae_swamp_feature_on_the_river_bank, cheibrodos_swamp_pet_leeches,
          uniq_mara
Orc:1:    uniq_harold
Orc:2:    pf_orc_diabolical, basic_altar, uniq_sonja
Depths:1: minmay_misc_feat_iff, hell_entry, grunt_pan_entry_sceptre,
          hangedman_decor_opposing, serial_bayou_ford_a,
          hangedman_abyss_or_decor_stabs, minmay_misc_feat_rows,
          hangedman_glass_teeth, minmay_hollow_rounded_squares

Skill      XL: |  1  2  3  4  5  6  7  8  9 10 11 12 13 14 15 16 |
---------------+-------------------------------------------------+-----
Fighting       | 3 4 5 6 7 8 9 10 12 15 | 15.1
Shields        | 1 2 3 4 6 7 8 |  8.0
Maces & Flails | 2 7 10 13 14 | 14.0
Armour         | 1 5 9 10 | 10.2
Invocations    | 2 6 9 |  9.0
Dodging        | 6 7 8 9 10 11 | 11.9
Axes           | 5 9 |  9.7
Long Blades    | |  2.6
Throwing       | |  1.7
Evocations     | |  0.2

Action                   |  1- 3 |  4- 6 |  7- 9 | 10-12 | 13-15 | 16-18 || total
-------------------------+-------+-------+-------+-------+-------+-------++-------
Melee: Long sword        |   128 |   116 |       |       |       |       ||   244
       Falchion          |       |   181 |   239 |       |       |       ||   420
       Morningstar       |       |       |   168 |   747 |   635 |   677 ||  2227
       Broad axe         |       |       |       |       |   611 |       ||   611
 Fire: Blowgun           |       |     4 |       |       |       |       ||     4
Throw: Throwing net      |     1 |     2 |     2 |     2 |       |       ||     7
       Javelin           |       |       |     3 |     8 |     1 |       ||    12
Invok: Heroism           |       |       |     2 |     9 |    14 |     2 ||    27
Evoke: Wand              |       |       |       |     1 |     6 |     1 ||     8
  Use: Scroll            |       |     1 |     6 |    18 |    11 |     6 ||    42
       Potion            |       |       |     1 |     3 |    13 |     2 ||    19
 Stab: Held in net/web   |       |     1 |     2 |     3 |       |       ||     6
       Distracted        |       |       |     3 |     1 |    13 |     3 ||    20
       Confused          |       |       |       |       |       |     1 ||     1
  Eat: Chunk             |     1 |     5 |     9 |    10 |     8 |     5 ||    38
       Bread ration      |       |       |     1 |     1 |     4 |     1 ||     7
       Meat ration       |       |       |       |     1 |     2 |     2 ||     5
       Fruit             |       |       |       |    14 |     7 |     1 ||    22
       Pizza             |       |       |       |       |       |     3 ||     3
